 Dungeon Crawl Stone Soup version 0.20-a0-214-gb74cb0e (webtiles) character file.

0 deepsabbath the Firebug (level 1, -3/10 HPs)
             Began as a Deep Elf Fire Elementalist on Nov 27, 2016.
             Slain by a leopard gecko (5 damage)
             ... on level 1 of the Dungeon.
             The game lasted 00:00:12 (40 turns).

deepsabbath the Firebug (Deep Elf Fire Elementalist)  Turns: 40, Time: 00:00:13

Health: -3/10      AC:  2    Str:  5    XL:     1   Next: 8%
Magic:  6/6        EV: 13    Int: 19    God:
Gold:   0          SH:  0    Dex: 15    Spells: 5/6 levels left

rFire  . . .     SeeInvis .     (no weapon)
rCold  . . .     Gourm    .     a - +0 robe
rNeg   . . .     Faith    .     (no shield)
rPois  .         Spirit   .     (no helmet)
rElec  .         Reflect  .     (no cloak)
rCorr  .         Harm     .     (no gloves)
MR     .....                    (no boots)
Stlth  ++........               (no amulet)
                                (no ring)
                                (no ring)

@: no status effects
A: no striking features
a: no special abilities


You were on level 1 of the Dungeon.
You were not hungry.

You visited 1 branch of the dungeon, and saw 1 of its levels.

Inventory:

Armour
 a - a +0 robe (worn)
Books
 b - a book of Flames
Comestibles
 c - a bread ration {@e1}
 d - a meat ration {@e2}


   Skills:
 + Level 2.5 Dodging
 - Level 2.4 Stealth
 - Level 3.0 Spellcasting
 - Level 1.1 Conjurations
 - Level 3.2 Fire Magic


You had 5 spell levels left.
You knew the following spells:

 Your Spells              Type           Power        Failure   Level  Hunger
a - Flame Tongue          Conj/Fire      ##...        10%         1    None


Dungeon Overview and Level Annotations

Branches:
Dungeon (1/15)

Altars:


Message History

Welcome, deepsabbath the Deep Elf Fire Elementalist.
Will you prevail where others failed? Will you find the Orb of Zot?
Found a staircase leading out of the dungeon.
Unknown command.
You open the door.
There is an open door here.
A rat comes into view.
You hit the rat. The rat misses you.
You hit the rat. The rat barely misses you.
You hit the rat.
You kill the rat!
No target in view!
No target in view!
You see here a rat corpse.
d - a meat ration {@e2} A leopard gecko comes into view.
The leopard gecko hisses angrily.
You closely miss the leopard gecko. The leopard gecko closely misses you.
You hit the leopard gecko. The leopard gecko bites you.
You take 2 damage, and have 8/10 hp.
You closely miss the leopard gecko. The leopard gecko bites you.
The leopard gecko closely misses you.
You take 1 damage, and have 7/10 hp.
You hit the leopard gecko. The leopard gecko misses you.
You hit the leopard gecko but do no damage.
The leopard gecko barely misses you.
You hit the leopard gecko but do no damage.
The leopard gecko barely misses you.
You miss the leopard gecko. The leopard gecko bites you.
You take 2 damage, and have 5/10 hp.
You miss the leopard gecko. The leopard gecko bites you.
* * * LOW HITPOINT WARNING * * *
The leopard gecko bites you.
Ouch! That really hurt!
You die...

#P≈.♣ ### #P≈<.
#.. #P≈.♣
#.####### ###.#
#.##....# ###
#.##....##########
#.##..............
#l##.....##.......
#@##.....##.......
#........##.......
###########.......
#..†.... #.......
#....... #.(.....
####.#.# .....


You could see a leopard gecko.

Vanquished Creatures
  A rat (D:1)
1 creature vanquished.

Notes
Turn   | Place    | Note
-------+----------+-------------------------------------------
     0 | D:1      | deepsabbath the Deep Elf Fire Elementalist began the quest for the Orb.
     0 | D:1      | Reached XP level 1. HP: 10/10 MP: 6/6
    40 | D:1      | HP: 2/10 [leopard gecko (3)]
    40 | D:1      | Slain by a leopard gecko

Vault maps used:
D:1:      tarquinn_simple_flora_water_e, minmay_small_reverse_x

Action                   || total
-------------------------++-------
Melee: Unarmed           ||    11
Dodge: Dodged            ||     7

Vault maps used:
D:1:      tarquinn_simple_flora_water_e, minmay_small_reverse_x

Table legend:
 A = Turns spent in this place as a percentage of turns spent in the entire game.
 B = Non-inter-level travel turns spent in this place as a percentage of non-inter-level travel turns spent in the entire game.
 C = Inter-level travel turns spent in this place as a percentage of turns spent in this place.
 D = Turns resting spent in this place as a percentage of non-inter-level travel turns spent in this place.
 E = Turns spent auto-exploring this place as a percentage of non-inter-level travel turns spent in this place.
 F = Non-inter-level travel turns spent in this place divided by the number of levels of this place that you've seen.
                   A       B       C       D       E      F
               +-------+-------+-------+-------+-------+----------------------
         Total | 100.0 | 100.0 |   0.0 |   0.0 |  10.0 |  20.0
       Dungeon | 100.0 | 100.0 |   0.0 |   0.0 |  10.0 |  20.0
               +-------+-------+-------+-------+-------+----------------------

Table legend:
 A = Kills in this place as a percentage of kills in entire the game.
 B = Kills by you in this place as a percentage of kills by you in the entire game.
 C = Kills by friends in this place as a percentage of kills by friends in the entire game.
 D = Other kills in this place as a percentage of other kills in the entire game.
 E = Experience gained in this place as a percentage of experience gained in the entire game.
 F = Experience gained in this place divided by the number of levels of this place that you have seen.
                   A       B       C       D       E      F
               +-------+-------+-------+-------+-------+----------------------
         Total | 100.0 | 100.0 |  -nan |  -nan | 100.0 |   1.0
       Dungeon | 100.0 | 100.0 |  -nan |  -nan | 100.0 |   1.0
               +-------+-------+-------+-------+-------+----------------------
